[ AOE2 MATCH · #458433982 ]
1v1 RMBohemians vs Turks
Player's team · LOSS
Rival team · WIN
[ REPLAY ANALYSIS · EXTRACTED FROM THE RECORDED GAME ]
Feudal
11:25
Castle
15:38
Imperial
42:55
| APM avg | 18.9 |
| APM peak | 95 |
| eAPM avg | 9.7 |
| Villagers / military | 60 / 57 |
Focus
⚔️ 28.3% · 🌾 71.7%
Knight ×21 · Hussite Wagon ×15 · Spearman ×12 · Trebuchet (Packed) ×3 · Scout Cavalry ×2 · Scorpion ×1
Feudal
—
Castle
—
Imperial
—
| APM avg | 22.3 |
| APM peak | 61 |
| eAPM avg | 14.9 |
| Villagers / military | 149 / 100 |
Focus
⚔️ 21.0% · 🌾 79.0%
Knight ×36 · Spearman ×14 · Bombard Cannon ×11 · Camel Scout ×11 · Janissary ×9 · Scout Cavalry ×7
Match map
Initial resources + every placement click. Lines = walls · curves = elevation contours. ◆ gold · ⬟ stone · ● berries · ✦ relic · ◌ wall gap
Your base· ✓ Closed at 15:38 · 0t walls · 3 gate(s)
JOSEDANIEL25231's base· ✓ Closed at 13:58 · 0t walls · 2 gate(s)
Smoothed initial terrain · ◌ = detected wall gap · hover for details
Inputs per minute
— Knight05 - - JOSEDANIEL25231
Build order — Knight05
First 150 of 198 actions detected
| 0:01 | Create | Villager (Male) |
| 0:02 | Create | Villager (Male) |
| 0:02 | Create | Villager (Male) |
| 0:02 | Create | Villager (Male) |
| 0:04 | Build | House |
| 0:07 | Build | House |
| 1:25 | Create | Villager (Male) |
| 1:46 | Build | Lumber Camp |
| 2:14 | Create | Villager (Male) |
| 2:14 | Create | Villager (Male) |
| 2:33 | Create | Villager (Male) |
| 3:24 | Build | House |
| 3:30 | Create | Villager (Male) |
| 4:11 | Research | Loom |
| 4:27 | Build | Mill |
| 4:34 | Create | Villager (Male) |
| 4:34 | Create | Villager (Male) |
| 5:01 | Create | Villager (Male) |
| 5:02 | Create | Villager (Male) |
| 5:18 | Create | Villager (Male) |
| 5:41 | Create | Villager (Male) |
| 5:42 | Create | Villager (Male) |
| 5:44 | Create | Villager (Male) |
| 7:23 | Build | House |
| 7:56 | Research | Feudal Age |
| 8:00 | Create | Villager (Male) |
| 8:01 | Create | Villager (Male) |
| 8:47 | Create | Villager (Male) |
| 8:50 | Research | Feudal Age |
| 8:57 | Build | Mining Camp |
| 9:31 | Build | Mill |
| 9:39 | Create | Villager (Male) |
| 9:39 | Create | Villager (Male) |
| 11:25 | Age | Feudal Age |
| 11:33 | Build | Market |
| 11:38 | Build | Blacksmith |
| 12:10 | Build | Farm |
| 12:10 | Build | Farm |
| 12:58 | Research | Castle Age |
| 13:47 | Research | Fletching |
| 14:55 | Build | House |
| 15:38 | Age | Castle Age |
| 15:41 | Create | Villager (Male) |
| 15:41 | Create | Villager (Male) |
| 16:04 | Build | Castle |
| 16:12 | Create | Villager (Male) |
| 16:19 | Create | Villager (Male) |
| 16:38 | Build | Mining Camp |
| 17:23 | Create | Villager (Male) |
| 17:42 | Build | Mining Camp |
| 18:29 | Create | Hussite Wagon |
| 18:50 | Create | Hussite Wagon |
| 19:12 | Build | Stone Wall |
| 19:14 | Build | Stone Wall |
| 19:25 | Create | Hussite Wagon |
| 20:04 | Build | Castle |
| 20:22 | Create | Hussite Wagon |
| 20:35 | Build | Stone Wall |
| 20:45 | Create | Villager (Male) |
| 20:47 | Create | Villager (Male) |
| 21:13 | Research | Padded Archer Armor |
| 21:37 | Create | Hussite Wagon |
| 22:23 | Create | Villager (Male) |
| 22:23 | Create | Villager (Male) |
| 23:03 | Create | Villager (Male) |
| 23:07 | Build | Farm |
| 23:21 | Build | Siege Workshop |
| 24:03 | Build | Barracks |
| 24:06 | Create | Villager (Male) |
| 24:28 | Create | Hussite Wagon |
| 24:49 | Build | Castle |
| 25:36 | Create | Villager (Male) |
| 25:41 | Create | Villager (Male) |
| 25:55 | Create | Scorpion |
| 26:12 | Build | Farm |
| 26:12 | Build | Farm |
| 27:03 | Create | Battering Ram |
| 27:22 | Create | Hussite Wagon |
| 27:39 | Build | Farm |
| 27:41 | Create | Villager (Male) |
| 27:42 | Create | Villager (Male) |
| 28:19 | Build | Castle |
| 28:29 | Create | Hussite Wagon |
| 28:32 | Create | Villager (Male) |
| 28:32 | Create | Villager (Male) |
| 28:37 | Build | Farm |
| 28:37 | Build | Farm |
| 28:37 | Build | Farm |
| 28:38 | Build | Farm |
| 28:38 | Build | Farm |
| 28:38 | Build | Farm |
| 28:39 | Build | Farm |
| 28:39 | Build | Farm |
| 28:39 | Build | Farm |
| 29:22 | Create | Hussite Wagon |
| 30:21 | Create | Villager (Male) |
| 30:24 | Create | Villager (Male) |
| 30:28 | Build | Farm |
| 30:29 | Build | Farm |
| 30:30 | Build | Farm |
| 31:34 | Build | Mining Camp |
| 32:49 | Create | Hussite Wagon |
| 34:53 | Build | Stable |
| 35:24 | Create | Spearman |
| 35:25 | Create | Spearman |
| 35:27 | Research | Pikeman (upgrade) |
| 35:36 | Build | House |
| 35:49 | Build | Palisade Wall |
| 35:51 | Build | Palisade Wall |
| 36:10 | Create | Knight |
| 36:10 | Create | Knight |
| 36:11 | Create | Knight |
| 36:11 | Create | Knight |
| 36:11 | Create | Knight |
| 37:31 | Create | Hussite Wagon |
| 38:04 | Create | Scout Cavalry |
| 38:44 | Build | Farm |
| 38:52 | Build | Farm |
| 39:33 | Build | Farm |
| 39:45 | Research | Imperial Age |
| 42:55 | Age | Imperial Age |
| 42:56 | Create | Trebuchet (Packed) |
| 43:04 | Create | Villager (Male) |
| 43:05 | Create | Villager (Male) |
| 43:05 | Create | Villager (Male) |
| 43:07 | Create | Villager (Male) |
| 44:24 | Create | Villager (Male) |
| 44:25 | Create | Villager (Male) |
| 44:25 | Create | Villager (Male) |
| 44:30 | Create | Villager (Male) |
| 44:30 | Create | Villager (Male) |
| 44:30 | Create | Villager (Male) |
| 44:31 | Create | Villager (Male) |
| 44:31 | Create | Villager (Male) |
| 44:31 | Create | Villager (Male) |
| 44:59 | Create | Trebuchet (Packed) |
| 45:30 | Create | Hussite Wagon |
| 47:06 | Build | Stable |
| 47:10 | Create | Spearman |
| 47:11 | Create | Spearman |
| 47:11 | Create | Spearman |
| 47:11 | Create | Spearman |
| 48:06 | Build | Barracks |
| 48:21 | Build | Monastery |
| 48:24 | Research | Cavalier (upgrade) |
| 48:25 | Create | Knight |
| 48:26 | Create | Knight |
| 48:26 | Create | Knight |
| 48:26 | Create | Knight |
| 48:56 | Create | Hussite Wagon |
Build order — JOSEDANIEL25231
First 150 of 412 actions detected
| 0:04 | Build | House |
| 0:05 | Create | Villager (Male) |
| 0:05 | Create | Villager (Male) |
| 0:06 | Create | Villager (Male) |
| 0:06 | Create | Villager (Male) |
| 0:08 | Build | House |
| 1:45 | Create | Villager (Male) |
| 2:17 | Create | Villager (Male) |
| 2:31 | Create | Villager (Male) |
| 2:32 | Create | Villager (Male) |
| 2:46 | Build | House |
| 2:48 | Build | House |
| 3:04 | Create | Villager (Male) |
| 3:05 | Create | Villager (Male) |
| 3:05 | Create | Villager (Male) |
| 3:12 | Build | Lumber Camp |
| 4:01 | Create | Villager (Male) |
| 4:01 | Create | Villager (Male) |
| 4:01 | Create | Villager (Male) |
| 4:02 | Create | Villager (Male) |
| 5:10 | Create | Villager (Male) |
| 5:10 | Create | Villager (Male) |
| 5:11 | Create | Villager (Male) |
| 5:24 | Build | Mill |
| 5:33 | Create | Villager (Male) |
| 6:35 | Build | Mining Camp |
| 6:43 | Create | Villager (Male) |
| 7:03 | Create | Villager (Male) |
| 7:18 | Build | House |
| 7:23 | Create | Villager (Male) |
| 7:48 | Create | Villager (Male) |
| 8:07 | Build | Mill |
| 8:22 | Create | Villager (Male) |
| 8:45 | Create | Villager (Male) |
| 8:59 | Create | Villager (Male) |
| 9:19 | Research | Feudal Age |
| 9:26 | Build | Mining Camp |
| 9:45 | Create | Villager (Male) |
| 9:45 | Create | Villager (Male) |
| 10:02 | Build | House |
| 10:03 | Build | House |
| 10:26 | Create | Villager (Male) |
| 10:27 | Create | Villager (Male) |
| 11:02 | Build | Farm |
| 11:03 | Build | Farm |
| 11:32 | Create | Villager (Male) |
| 11:49 | Create | Villager (Male) |
| 12:06 | Build | Market |
| 12:10 | Create | Villager (Male) |
| 13:15 | Build | Blacksmith |
| 13:58 | Research | Castle Age |
| 14:13 | Build | Farm |
| 14:50 | Build | House |
| 14:52 | Build | House |
| 14:58 | Build | Farm |
| 15:10 | Research | Loom |
| 15:52 | Create | Villager (Male) |
| 16:43 | Create | Villager (Male) |
| 16:58 | Build | Farm |
| 16:59 | Build | Farm |
| 16:59 | Build | Farm |
| 16:59 | Build | Farm |
| 17:29 | Build | Castle |
| 17:43 | Create | Villager (Male) |
| 17:44 | Create | Villager (Male) |
| 17:44 | Create | Villager (Male) |
| 18:03 | Create | Villager (Male) |
| 18:46 | Build | Stone Wall |
| 18:52 | Create | Villager (Male) |
| 18:53 | Create | Villager (Male) |
| 19:03 | Build | Stone Wall |
| 19:56 | Build | Farm |
| 20:24 | Build | Castle |
| 20:39 | Create | Janissary |
| 20:39 | Create | Janissary |
| 20:43 | Build | Mining Camp |
| 20:48 | Create | Janissary |
| 21:32 | Research | Padded Archer Armor |
| 22:09 | Build | Town Center |
| 22:39 | Build | Stone Wall |
| 23:01 | Build | Monastery |
| 23:12 | Create | Janissary |
| 23:32 | Build | Farm |
| 23:32 | Build | Farm |
| 23:32 | Build | Farm |
| 23:33 | Build | Farm |
| 23:33 | Build | Farm |
| 23:33 | Build | Farm |
| 23:41 | Create | Villager (Male) |
| 23:52 | Create | Villager (Male) |
| 23:53 | Create | Villager (Male) |
| 24:04 | Build | Stone Wall |
| 24:28 | Research | Gold Mining |
| 24:29 | Research | Stone Mining |
| 24:33 | Create | Villager (Male) |
| 24:41 | Create | Villager (Male) |
| 24:41 | Create | Villager (Male) |
| 24:42 | Create | Villager (Male) |
| 24:59 | Create | Villager (Male) |
| 25:00 | Create | Villager (Male) |
| 25:52 | Create | Villager (Male) |
| 25:53 | Create | Villager (Male) |
| 25:53 | Create | Villager (Male) |
| 26:01 | Build | Stone Wall |
| 26:09 | Create | Villager (Male) |
| 26:09 | Create | Villager (Male) |
| 26:24 | Research | Gold Shaft Mining |
| 26:26 | Create | Villager (Male) |
| 26:26 | Create | Villager (Male) |
| 26:48 | Build | Farm |
| 27:06 | Build | Farm |
| 27:20 | Create | Villager (Male) |
| 27:20 | Create | Villager (Male) |
| 27:22 | Create | Villager (Male) |
| 27:22 | Create | Villager (Male) |
| 27:58 | Build | University |
| 28:21 | Build | Lumber Camp |
| 28:45 | Create | Petard |
| 28:46 | Create | Petard |
| 28:53 | Build | Barracks |
| 28:55 | Create | Monk |
| 29:08 | Research | Murder Holes |
| 29:14 | Create | Villager (Male) |
| 29:14 | Create | Villager (Male) |
| 29:14 | Create | Villager (Male) |
| 29:15 | Create | Villager (Male) |
| 29:26 | Build | Town Center |
| 29:47 | Build | Siege Workshop |
| 30:01 | Build | Stable |
| 30:14 | Create | Petard |
| 30:26 | Create | Mangonel |
| 30:26 | Create | Mangonel |
| 31:00 | Create | Knight |
| 31:00 | Create | Knight |
| 31:01 | Create | Knight |
| 31:01 | Create | Knight |
| 31:34 | Build | Town Center |
| 31:44 | Create | Mangonel |
| 32:05 | Create | Mangonel |
| 32:33 | Create | Knight |
| 32:33 | Create | Knight |
| 32:33 | Create | Knight |
| 32:34 | Create | Knight |
| 32:34 | Create | Knight |
| 32:43 | Build | Farm |
| 32:59 | Build | Stone Wall |
| 33:24 | Create | Knight |
| 33:24 | Create | Knight |
| 34:10 | Create | Villager (Male) |
| 34:10 | Create | Villager (Male) |
Match timeline
| 11:25 | Knight05 · age_up feudal |
| 12:39 | Knight05 · first_market_sell 100 stone |
| 12:50 | Knight05 · first_market_buy 100 food |
| 13:22 | JOSEDANIEL25231 · first_market_buy 100 food |
| 15:38 | Knight05 · age_up castle |
| 16:04 | Knight05 · first_building Castle |
| 17:29 | JOSEDANIEL25231 · first_building Castle |
| 18:46 | JOSEDANIEL25231 · wall_segment Stone Wall x8 |
| 19:03 | JOSEDANIEL25231 · wall_segment Stone Wall x9 |
| 19:12 | Knight05 · wall_segment Stone Wall x6 |
| 19:14 | Knight05 · wall_segment Stone Wall x7 |
| 20:35 | Knight05 · wall_segment Stone Wall x5 |
| 22:39 | JOSEDANIEL25231 · wall_segment Stone Wall x5 |
| 23:01 | JOSEDANIEL25231 · first_building Monastery |
| 23:21 | Knight05 · first_building Siege Workshop |
| 23:49 | JOSEDANIEL25231 · first_market_sell 100 stone |
| 24:03 | Knight05 · first_building Barracks |
| 24:04 | JOSEDANIEL25231 · wall_segment Stone Wall x4 |
| 26:01 | JOSEDANIEL25231 · wall_segment Stone Wall x6 |
| 28:53 | JOSEDANIEL25231 · first_building Barracks |
| 29:47 | JOSEDANIEL25231 · first_building Siege Workshop |
| 30:01 | JOSEDANIEL25231 · first_building Stable |
| 32:59 | JOSEDANIEL25231 · wall_segment Stone Wall x2 |
| 34:53 | Knight05 · first_building Stable |
| 35:49 | Knight05 · wall_segment Palisade Wall x2 |
| 35:51 | Knight05 · wall_segment Palisade Wall x3 |
| 42:55 | Knight05 · age_up imperial |
| 48:21 | Knight05 · first_building Monastery |
| 49:49 | Knight05 · wall_segment Stone Wall x1 |
| 57:27 | Knight05 · resign |
[ AI ANALYSIS · 1 CREDIT ]
What really happened in this match?
Wolo.gg analyzes every decision: build order, eco, micro, common mistakes by bracket. Personalized analysis on WhatsApp or Discord in 30 seconds.
Civ guide
Bohemians
Map guide
Arena
Perfil
Knight05